 Dungeon Crawl Stone Soup version 0.28.0-45-g0d030f2227 (webtiles) character file.

Game seed: 6190607275440093720

138 pkoi the Insei (level 4, -1/37 HPs)
             Began as a Demigod Gladiator on Apr 19, 2022.
             Slain by a jelly (3 damage)
             ... on level 2 of the Dungeon.
             The game lasted 00:04:21 (2638 turns).

pkoi the Insei (Demigod Gladiator)                  Turns: 2638, Time: 00:04:22

Health: -1/37      AC: -9    Str: 15    XL:     4   Next: 70%
Magic:  8/8        EV: 12    Int: 14    God:
Gold:   61         SH:  0    Dex: 15    Spells: 2/5 levels left

rFire   . . .      SeeInvis .     - Unarmed
rCold   + . .      Faith    .   (no shield)
rNeg    . . .      Spirit   .   e - +0 robe {rC+}
rPois   .          Reflect  .   b - +0 helmet
rElec   .          Harm     .   (no cloak)
rCorr   .          Rampage  .   (no gloves)
Will    .....                   (no boots)
Stlth   +.........              (no amulet)
HPRegen 0.12/turn               d - +4 ring of slaying
MPRegen 0.11/turn               (no ring)

@: corroded
A: high MP 1, forlorn, divine attributes
a: no special abilities


You were on level 2 of the Dungeon.
You visited 1 branch of the dungeon, and saw 2 of its levels.

You collected 61 gold pieces.

Inventory:

Hand Weapons
 f - a +2 short sword of protection
Missiles
 c - 2 throwing nets (quivered)
 l - 21 stones
Armour
 a - a +0 leather armour
 b - a +0 helmet (worn)
 e - a +0 robe of cold resistance (worn)
Jewellery
 d - a +4 ring of slaying (left hand)
 m - an amulet of reflection
Scrolls
 g - a scroll of enchant armour {unknown}
 h - a scroll of magic mapping {unknown}
 i - 2 scrolls of identify {unknown}
 j - 2 scrolls of teleportation {unknown}
 k - a scroll of amnesia {unknown}
 n - a scroll of fog {unknown}


   Skills:
 + Level 2.6 Fighting
 - Level 1.7 Throwing
 - Level 2.6 Dodging
 * Level 4.1 Unarmed Combat
 + Level 1.2 Spellcasting
 + Level 1.0 Hexes
 - Level 0.5 Earth Magic


You had 2 spell levels left.
You knew the following spells:

 Your Spells              Type           Power      Damage    Failure   Level
a - Slow                  Hex            12%        N/A       17%         1
b - Passwall              Tmut/Erth      0%         N/A       34%         2

Your spell library contained the following spells:

 Spells                   Type           Power      Damage    Failure   Level
 Sandblast                Erth           4%         2d4       22%         1
 Confusing Touch          Hex            3%         N/A       45%         3
 Stone Arrow              Conj/Erth      2%         3d7       56%         3
 Vampiric Draining        Necr           0%         2d6       61%         3


Dungeon Overview and Level Annotations

Branches:
Dungeon (2/15)

Shops:
D:1 !


Innate Abilities, Weirdness & Mutations

You have an increased reservoir of magic. (+10% MP)
You shall have no god before yourself.
Your divine heritage dramatically boosts your attributes as you level up.


Message History

You see here a dart slug corpse.
You start resting.
An endoplasm is nearby!
Unknown command.
The endoplasm quivers.
You completely miss the endoplasm. You punch the endoplasm.
You kill the endoplasm!
HP restored.
A jelly is nearby!
A jelly is nearby!
A jelly is nearby!
You hit the jelly.
Your hands burn!
The jelly is moderately wounded.
The jelly hits you. The acid corrodes you!
You are splashed with acid!
* * * LOW HITPOINT WARNING * * *
You hit the jelly.
Your hands burn!
* * * LOW HITPOINT WARNING * * *
You punch the jelly.
The jelly is severely wounded.
The jelly closely misses you.
You hit the jelly.
Your hands burn!
* * * LOW HITPOINT WARNING * * *
The jelly is almost dead.
The jelly hits you.
* * * LOW HITPOINT WARNING * * *
You are splashed with acid.
* * * LOW HITPOINT WARNING * * *
You hit the jelly but do no damage. The acid corrodes you!
Your hands burn!
* * * LOW HITPOINT WARNING * * *
The jelly is almost dead.
You hit the jelly but do no damage. The acid corrodes you!
Your hands burn!
* * * LOW HITPOINT WARNING * * *
The jelly is almost dead.
The jelly barely misses you.
Unknown command.
You hit the jelly but do no damage.
Your hands burn!
* * * LOW HITPOINT WARNING * * *
The jelly is almost dead.
The jelly hits you.
You die...

##.....†.......######.)).#
##.....###...##.##.......#
####.....#......##.......#
# #.##....#.#..##.......#
# #.##..###.#..##.......#
# #.##..# #.#..###....)##
## #.##..# #.#..####...##
.# #.##..###.#...###'''##
.###......##.#..@##.....#
.................J).....#
########..#####.#######.#
#..........# #.#
##########.# #.# #.# #.#
##.#####.# #........#
##.#######


You could see a jelly.

Vanquished Creatures
  A jelly (D:2)
  Terence (D:2)
  An adder (D:2)
  A worm (D:2)
  2 dart slugs (D:2)
  10 ball pythons
  10 endoplasms
  2 giant cockroaches (D:1)
  2 goblins
  4 hobgoblins
  2 quokkas (D:1)
  10 bats
  4 frilled lizards
  12 kobolds
  5 rats
67 creatures vanquished.

Vanquished Creatures (others)
  10 fungi (D:2)
  3 plants (D:1)
  9 toadstools (D:2)
22 creatures vanquished.

Grand Total: 89 creatures vanquished

Notes
Turn   | Place    | Note
-------+----------+-------------------------------------------
     0 | D:1      | pkoi the Demigod Gladiator began the quest for the Orb.
     0 | D:1      | Reached XP level 1. HP: 17/17 MP: 3/3
   164 | D:1      | Reached skill level 3 in Unarmed Combat
   516 | D:1      | Reached XP level 2. HP: 24/24 MP: 4/4
   724 | D:1      | Found Ziakaefe's Distillery.
  1296 | D:2      | Reached XP level 3. HP: 23/29 MP: 4/6
  1318 | D:2      | Learned a level 1 spell: Slow
  1560 | D:2      | Reached skill level 1 in Spellcasting
  1560 | D:2      | Reached XP level 4. HP: 31/37 MP: 6/8
  1854 | D:2      | Noticed Terence
  2062 | D:1      | Learned a level 2 spell: Passwall
  2366 | D:2      | Killed Terence
  2367 | D:2      | Reached skill level 4 in Unarmed Combat
  2367 | D:2      | Reached skill level 1 in Hexes
  2638 | D:2      | Slain by a jelly

Illustrated notes

Levels and vault maps discovered:
D:1:      elethiomel_arrival_quiet, layout_loops_ring, serial_shops,
          nicolae_shop_trees, serial_bayou_pond_a, serial_bayou_pond_d,
          serial_bayou_ford_a, lemuel_old_faithful
D:2:      cheibrodos_fertilizer, layout_loops_ring, basic_altar, fountainhead,
          uniq_terence

Skill      XL: |  1  2  3  4 |
---------------+-------------+-----
Fighting       | 2 |  2.6
Unarmed Combat | 3 4 |  4.1
Spellcasting   | 1 |  1.2
Hexes          | 1 |  1.0
Throwing       | |  1.7
Dodging        | |  2.6
Earth Magic    | |  0.5

Action                   |  1- 3 |  4- 6 || total
-------------------------+-------+-------++-------
Melee: Unarmed           |    30 |    52 ||    82
       Short sword       |    67 |    15 ||    82
       Punch             |     3 |     4 ||     7
Throw: Throwing net      |       |     2 ||     2
 Stab: Sleeping          |     3 |     1 ||     4
       Held in net/web   |       |     1 ||     1
Armor: Robe              |    36 |     8 ||    44
       Leather armour    |     4 |       ||     4
Dodge: Dodged            |    91 |    35 ||   126
